 Dungeon Crawl Stone Soup version 0.19.0-1-g5985abe (webtiles) character file.

3443 septik the Cleaver (level 9, -5/82 HPs)
             Began as a Minotaur Berserker on Nov 2, 2016.
             Was an Elder of Trog.
             Slain by an orc knight
             ... wielding a +3 battleaxe
              (16 damage)
             ... on level 7 of the Dungeon.
             The game lasted 00:19:20 (6078 turns).

septik the Cleaver (Minotaur Berserker)             Turns: 6078, Time: 00:19:20

Health: -5/82      AC: 17    Str: 23    XL:     9   Next: 77%
Magic:  8/8        EV:  8    Int:  4    God:    Trog [****..]
Gold:   385        SH:  9    Dex: 12    Spells: 0 memorised, 8 levels left

rFire  . . .     SeeInvis .     a - +0 hand axe
rCold  . . .     Gourm    .     i - +2 chain mail {MR+}
rNeg   . . .     Faith    .     x - +2 shield {AC+3}
rPois  .         Spirit   .     (helmet restricted)
rElec  .         Reflect  .     h - +0 cloak
rCorr  .         Harm     .     (no gloves)
MR     +....                    (no boots)
Stlth  ..........               (no amulet)
                                (no ring)
                                (no ring)

@: exhausted, slowed, very slow
A: retaliatory headbutt, horns 2
a: Berserk, Trog's Hand, Brothers in Arms, Burn Spellbooks, Renounce Religion


You were on level 7 of the Dungeon.
You worshipped Trog.
Trog was greatly pleased with you.
You were hungry.

You visited 1 branch of the dungeon, and saw 7 of its levels.

You collected 385 gold pieces.

Inventory:

Hand Weapons
 a - a +0 hand axe (weapon)
 s - a +0 blowgun
Missiles
 t - 24 poisoned needles
Armour
 b - a +0 animal skin
 f - a +0 plate armour
 h - a +0 cloak (worn)
 i - a +2 chain mail of magic resistance (worn)
 x - a +2 shield of protection (worn)
Wands
 B - a wand of digging (20/24)
Scrolls
 j - a scroll of recharging
 k - a scroll of magic mapping
 q - 2 scrolls of teleportation {unknown}
 r - a scroll of fear {unknown}
 y - 3 scrolls of random uselessness {unknown}
 z - a scroll of blinking {unknown}
 A - a scroll of noise {unknown}
 E - a scroll of enchant weapon {unknown}
 G - 3 scrolls of remove curse
Potions
 d - 8 potions of curing
 e - 3 potions of agility
 g - a potion of berserk rage
 n - 2 potions of haste
 p - a potion of magic {unknown}
 v - a potion of cure mutation {unknown}
 C - a potion of heal wounds {unknown}
 F - a potion of flight {unknown}
 I - a potion of invisibility {unknown}
 J - 2 potions of brilliance {unknown}
 K - a potion of lignification {unknown}
Comestibles
 c - 5 bread rations
 l - 9 chunks of flesh
 m - 3 beef jerkies
 u - 3 meat rations


   Skills:
 + Level 8.4 Fighting
 * Level 11.0 Axes
 + Level 7.8 Armour
 + Level 7.3 Dodging


You had 8 spell levels left.
You didn't know any spells.

Dungeon Overview and Level Annotations

Branches:
Dungeon (7/15)             Temple (0/1) D:5

Altars:
Ashenzari
Elyvilon
Makhleb
Nemelex Xobeh
Qazlal
Uskayaw
Zin
The Shining One


Innate Abilities, Weirdness & Mutations

You reflexively headbutt those who attack you in melee.
You have a pair of horns on your head.


Message History

The orc knight is almost dead.
You barely miss the orc knight.
You hit the orc knight but do no damage.
You slash the orc!
You kill the orc!
Trog accepts your kill.
The orc knight hits you but does no damage.
You barely miss the orc knight.
The orc knight is almost dead.
You hit the orc knight but do no damage.
You hit the orc knight. You slash the orc!
You kill the orc!
Trog accepts your kill.
You are no longer berserk.
You are exhausted.
You feel yourself slow down.
The orc knight hits you with a battleaxe!!!
* * * LOW HITPOINT WARNING * * *
The orc knight hits you with an enchanted battleaxe!
You die...

≈≈≈≈≈....≈≈≈≈≈≈≈≈≈≈≈≈≈
≈≈≈≈≈....≈≈≈≈≈≈≈≈≈≈≈≈≈
≈≈≈≈....≈≈≈≈≈≈≈≈≈≈≈≈#
....................# #######
####''''#############
#.....#######....#######..#..#
#.....'..)).'....'.....'.)#O.#
#.....#######.)..#######..#..#
####### ##@o## #####
.....oooo......
.....ooo.......
...............
...............
#######''###### +..+ ####


You could see 3 orc knights and 5 orcs.

Vanquished Creatures
  The ghost of Uberchile the Slinger, a novice SpHu of Qazlal (D:7)
  Grinder (D:3)
  Sigmund (D:3)
  Menkaure (D:5)
  Edmund (D:5)
  3 wargs (D:7)
  A water moccasin (D:5)
  3 orc warriors (D:7)
  An ice beast (D:5)
  2 ogres (D:7)
  2 centaurs (D:5)
  A gnoll sergeant (D:6)
  A bullfrog (D:7)
  2 scorpions
  3 crimson imps
  A centaur zombie (D:6)
  A bullfrog zombie (D:5)
  A hound (D:7)
  A bullfrog skeleton (D:4)
  3 orc priests
  A jelly (D:5)
  A centaur skeleton (D:4)
  An iguana (D:7)
  Terence (D:3)
  4 orc wizards
  8 worker ants
  A hound skeleton (D:5)
  2 worker ant zombies (D:6)
  7 gnolls
  5 adders
  2 shadow imps
  2 oozes
  An adder skeleton (D:4)
  3 worms
  2 dart slugs
  A leopard gecko (D:1)
  28 orcs
  3 ball pythons
  9 giant cockroaches
  11 goblins
  12 hobgoblins
  8 jackals (D:2)
  6 kobolds
  4 quokkas
  5 bats
  9 frilled lizards
  A leopard gecko zombie (D:5)
  A quokka skeleton (D:4)
  10 rats
  A plant (D:3)
181 creatures vanquished.

Notes
Turn   | Place    | Note
-------+----------+-------------------------------------------
     0 | D:1      | septik the Minotaur Berserker began the quest for the Orb.
     0 | D:1      | Reached XP level 1. HP: 19/19 MP: 0/0
   181 | D:1      | Reached XP level 2. HP: 27/27 MP: 1/1
   382 | D:1      | Reached ** piety under Trog
   689 | D:2      | Reached XP level 3. HP: 27/33 MP: 2/2
   961 | D:2      | Reached skill level 4 in Axes
  1038 | D:2      | Found a faded altar of an unknown god.
  1038 | D:2      | Found a faded altar of an unknown god.
  1046 | D:2      | Found a faded altar of an unknown god.
  1148 | D:2      | Found a faded altar of an unknown god.
  1150 | D:2      | Found a burning altar of Makhleb.
  1267 | D:2      | Reached XP level 4. HP: 39/41 MP: 3/3
  1487 | D:2      | Found a glowing silver altar of Zin.
  1520 | D:2      | Found a shattered altar of Ashenzari.
  1531 | D:2      | Reached *** piety under Trog
  1779 | D:3      | Found a white marble altar of Elyvilon.
  1899 | D:3      | Noticed Grinder
  1900 | D:3      | Noticed Terence
  1908 | D:3      | Killed Terence
  1921 | D:3      | Killed Grinder
  1921 | D:3      | Reached skill level 5 in Fighting
  1921 | D:3      | Reached skill level 5 in Axes
  1921 | D:3      | Reached XP level 5. HP: 34/48 MP: 4/4
  1921 | D:3      | Reached XP level 6. HP: 39/56 MP: 5/5
  2009 | D:3      | Noticed Sigmund
  2019 | D:3      | Killed Sigmund
  2019 | D:3      | Reached skill level 6 in Axes
  2152 | D:3      | Reached XP level 7. HP: 61/61 MP: 6/6
  2319 | D:4      | Got an iridescent dagger
  2320 | D:4      | Identified the +4 dagger "Cujuan" {freeze, +Blink} (You found it on level 4 of the Dungeon)
  2643 | D:4      | Found a glowing golden altar of the Shining One.
  3014 | D:5      | Entered Level 5 of the Dungeon
  3072 | D:5      | Reached skill level 7 in Axes
  3072 | D:5      | Reached skill level 5 in Armour
  3091 | D:5      | Noticed Edmund
  3104 | D:5      | Killed Edmund
  3104 | D:5      | Reached skill level 5 in Dodging
  3218 | D:5      | Reached **** piety under Trog
  3218 | D:5      | Reached XP level 8. HP: 62/70 MP: 7/7
  3498 | D:5      | Reached skill level 8 in Axes
  3728 | D:5      | Noticed Menkaure
  3740 | D:5      | Killed Menkaure
  4222 | D:5      | Found a staircase to the Ecumenical Temple.
  4378 | D:6      | Found a sparkling altar of Nemelex Xobeh.
  4502 | D:6      | Reached skill level 9 in Axes
  5540 | D:7      | Reached XP level 9. HP: 64/79 MP: 8/8
  5770 | D:7      | Found a stormy altar of Qazlal.
  5772 | D:7      | Noticed Uberchile's ghost (novice SpHu)
  5805 | D:7      | Killed Uberchile's ghost
  5805 | D:7      | Reached skill level 10 in Axes
  5811 | D:7      | Found a hide-covered altar of Uskayaw.
  6057 | D:7      | Noticed an orc knight
  6057 | D:7      | Noticed an orc knight
  6064 | D:7      | Noticed an orc knight
  6068 | D:7      | Reached skill level 11 in Axes
  6078 | D:7      | Slain by an orc knight

Skill      XL: |  1  2  3  4  5  6  7  8  9 |
---------------+----------------------------+-----
Fighting       | 4 5 6 7 8 |  8.4
Dodging        | 3 4 5 6 7 |  7.3
Axes           | 4 5 6 7 9 11 | 11.0
Armour         | 3 4 5 6 7 |  7.8

Action                   |  1- 3 |  4- 6 |  7- 9 || total
-------------------------+-------+-------+-------++-------
Melee: Hand axe          |    95 |   107 |   403 ||   605
       Headbutt          |    18 |    27 |    87 ||   132
Invok: Berserk           |     2 |     1 |     6 ||     9
       Trog's Hand       |     1 |     1 |       ||     2
  Use: Scroll            |     2 |       |     7 ||     9
 Stab: Sleeping          |       |     1 |       ||     1
  Eat: Chunk             |     3 |     4 |    12 ||    19
       Bread ration      |       |       |     1 ||     1
       Royal jelly       |       |       |     1 ||     1
Armor: Animal skin       |    16 |    11 |       ||    27
       Chain mail        |       |    14 |   146 ||   160
Dodge: Dodged            |    55 |    46 |    99 ||   200
Block: Shield            |       |       |   170 ||   170
